 Dungeon Crawl Stone Soup version 0.28.0-53-g5a82cb258f (webtiles) character file.

Game seed: 9566387617995838058

67490 Scuddy the Convoker (level 14, -5/98 HPs)
             Began as a Demonspawn Hedge Wizard on July 4, 2022.
             Was a High Priest of Sif Muna.
             Slain by a vault guard
             ... wielding a +0 long sword
              (6 damage)
             ... while paralysed by a floating eye
             ... on level 15 of the Dungeon.
             The game lasted 01:35:02 (23428 turns).

Scuddy the Convoker (Demonspawn Hedge Wizard)      Turns: 23428, Time: 01:35:08

Health: -5/98      AC: 12    Str:  9    XL:     14   Next: 83%
Magic:  20/26      EV:  2    Int: 21    God:    Sif Muna [*****.]
Gold:   1570       SH:  0    Dex: 12    Spells: 1/29 levels left

rFire   + + .      SeeInvis +   l - +6 short sword (speed)
rCold   + + .      Faith    .   (no shield)
rNeg    . . .      Spirit   .   b - +4 skin of Zhor {*Englaciate rC+++ SInv}
rPois   .          Reflect  .   c - +0 hat
rElec   .          Harm     .   o - +0 cloak
rCorr   .          Rampage  .   Y - +0 pair of gloves of Adeicroelu {SInv}
Will    ++...                   t - +0 pair of boots
Stlth   ++........              Q - amulet of regeneration
HPRegen 1.06/turn               F - ring of protection from fire
MPRegen 0.40/turn               X - ring of fire

@: paralysed, channelling
A: horns 2, icemail 1, magic regeneration, sharp scales 3, condensation shield,
strong-willed 1, weak 1
a: Renounce Religion, Channel Magic, Forget Spell, Divine Exegesis


You were on level 15 of the Dungeon.
You worshipped Sif Muna.
Sif Muna was extremely pleased with you.
You visited 3 branches of the dungeon, and saw 21 of its levels.
You also visited: Sewer and Ice Cave.

You collected 1682 gold pieces.
You spent 112 gold pieces at shops.

Inventory:

Hand Weapons
 l - a +6 short sword of speed (weapon)
Armour
 b - the +4 skin of Zhor (worn) {*Englaciate rC+++ SInv}
   (You found it in an ice cave)

   It radiates cold, occasionally slowing all nearby creatures who are not
   resistant to cold.
   rC:        It renders you almost immune to cold.
   SInv:      It lets you see invisible.
 c - a +0 hat (worn)
 o - a +0 cloak (worn)
 q - the +6 tower shield of Amelioration {rF- rCorr Dex+6 SInv}
   (You found it in a sewer)

   Dex:       It affects your dexterity (+6).
   rF:        It makes you vulnerable to fire.
   SInv:      It lets you see invisible.
   rCorr:     It protects you from acid and corrosion.
 t - a +0 pair of boots (worn)
 N - a +3 troll leather armour
 Y - the +0 pair of gloves of Adeicroelu (worn) {SInv}
   (You found it on level 6 of the Lair of Beasts)

   SInv:      It lets you see invisible.
Jewellery
 f - a ring of ice
 x - a ring of willpower
 F - a ring of protection from fire (left hand)
 G - a ring of positive energy
 H - the ring of Bodily Harmony {rC+ MP+9}
   (You found it on level 9 of the Dungeon)

   [ring of magical power]

   rC:        It protects you from cold.
   MP:        It affects your magic capacity (+9).
 Q - an amulet of regeneration (around neck)
 X - a ring of fire (right hand)
Wands
 r - a wand of paralysis (11)
 B - a wand of polymorph (21)
 K - a wand of flame (13)
 M - a wand of digging (9)
 S - a wand of charming (3)
 T - a wand of iceblast (5)
 U - a wand of acid (9)
Scrolls
 d - 13 scrolls of teleportation
 i - 4 scrolls of amnesia
 k - 5 scrolls of identify
 m - 4 scrolls of silence
 s - a scroll of fear
 u - a scroll of blinking
 v - 3 scrolls of magic mapping
 w - 4 scrolls of torment
 J - a scroll of fog
 Z - a scroll of brand weapon
Potions
 a - 2 potions of cancellation
 e - 2 potions of lignification
 h - 7 potions of ambrosia
 n - 2 potions of berserk rage
 p - 4 potions of might
 z - 4 potions of mutation
 A - 3 potions of brilliance
 C - 9 potions of haste
 D - 6 potions of curing
 E - 3 potions of invisibility
 I - a potion of magic
 L - 6 potions of attraction
 O - a potion of flight


   Skills:
 - Level 5.0 Fighting
 - Level 12.0 Short Blades
 - Level 10.0 Dodging
 - Level 1.7 Stealth
 + Level 8.1 Spellcasting
 - Level 1.0 Conjurations
 - Level 5.0 Hexes
 + Level 15.9 Summonings
 - Level 3.0 Translocations
 - Level 10.0 Invocations


You had one spell level left.
You knew the following spells:

 Your Spells              Type           Power      Damage    Failure   Level
a - Summon Ice Beast      Ice/Summ       42%        N/A       3%          4
b - Slow                  Hex            100%       N/A       1%          1
c - Call Imp              Summ           66%        N/A       0%          2
d - Blink                 Tloc           42%        N/A       3%          2
e - Ensorcelled Hibernat  Hex/Ice        38%        N/A       4%          2
f - Summon Cactus Giant   Summ           33%        N/A       1%          6
g - Monstrous Menagerie   Summ           33%        N/A       10%         7
h - Summon Lightning Spi  Summ/Air       42%        N/A       3%          4

Your spell library contained the following spells:

 Spells                   Type           Power      Damage    Failure   Level
 Magic Dart               Conj           48%        1d5       5%          1
 Freeze                   Ice            32%        1d5       8%          1
 Sandblast                Erth           16%        2d6       8%          1
 Summon Guardian Golem    Hex/Summ       51%        N/A       1%          3
 Summon Mana Viper        Hex/Summ       51%        N/A       3%          5
 Portal Projectile        Hex/Tloc       50%        N/A       4%          3
 Gell's Gravitas          Tloc           21%        N/A       7%          3
 Lesser Beckoning         Tloc           21%        N/A       7%          3
 Teleport Other           Tloc           21%        N/A       7%          3
 Searing Ray              Conj           24%        2d5       8%          2
 Summon Hydra             Summ           33%        N/A       10%         7
 Corpse Rot               Necr/Air       16%        N/A       12%         2
 Passwall                 Tmut/Erth      6%         N/A       12%         2
 Scorch                   Fire           24%        2d6       12%         2
 Sublimation of Blood     Necr           8%         N/A       12%         2
 Wereblood                Tmut           8%         N/A       12%         2
 Conjure Flame            Conj/Fire      16%        6-21      19%         3
 Stone Arrow              Conj/Erth      20%        3d8       19%         3
 Mephitic Cloud           Conj/Pois/Air  9%         N/A       21%         3
 Fulminant Prism          Conj/Hex       10%        3d9       22%         4
 Frozen Ramparts          Ice            16%        1d3       24%         3
 Ozocubu's Armour         Ice            8%         N/A       24%         3
 Spider Form              Tmut/Pois      8%         N/A       24%         3
 Anguish                  Hex/Necr       9%         N/A       28%         4
 Flame Wave               Conj/Fire      16%        2d6       54%         4
 Hailstorm                Conj/Ice       10%        3d5       54%         4
 Summon Horrible Things   Summ           33%        N/A       58%         8
 Ice Form                 Ice/Tmut       8%         N/A       61%         4
 Malign Gateway           Summ/Tloc      24%        N/A       80%         7
 Irradiate                Conj/Tmut      5%         3d15      87%         5
 Blade Hands              Tmut           4%         N/A       91%         5
 Excruciating Wounds      Necr           4%         N/A       91%         5
 Ozocubu's Refrigeration  Ice            4%         4d5       100%        7
 Necromutation            Tmut/Necr      4%         N/A       100%        8
 Chain Lightning          Conj/Air       5%         3d6       100%        9


Dungeon Overview and Level Annotations

Branches:
Dungeon (13/15)            Temple (1/1) D:4            Lair (6/6) D:10
  Swamp (0/4) Lair:4       Spider (0/4) Lair:2        Slime (0/5) Lair:6
    Orc (0/2) D:9           Sewer (visited)           IceCv (visited)
 Vaults: D:13-14

Altars:
Ashenzari
Cheibriados
Dithmenos
Elyvilon
Fedhas
Gozag
Hepliaklqana
Kikubaaqudgha
Makhleb
Nemelex Xobeh
Okawaru
Qazlal
Ru
Sif Muna
Trog
Uskayaw
Vehumet
Wu Jian
Xom
Yredelemnul
Zin
The Shining One
Jiyva

Shops:
D:4 [   D:6 *   D:9 ?   D:10 [

Annotations:
D:6 1 transporter, EyeSee2020's ghost, novice HOFi
D:10 exclusion: orange crystal statue
D:13 Azrael
Lair:3 Urug


Innate Abilities, Weirdness & Mutations

You have a pair of horns on your head.
A meltable icy envelope protects you from harm. (AC +0)
You regenerate magic rapidly.
You are completely covered in razor-sharp scales. (AC +3, Slay +3)
A meltable shield of frost defends you. (SH +0)
You are strong-willed. (Will+)
You are weak. (Str -2)


Message History

Your cactus giant disappears in a puff of smoke!
A vault guard comes into view. It is wielding a +0 long sword.
The vault guard shouts!
A floating eye comes into view.
Casting: Monstrous Menagerie (dangerous; 10% risk of failure)
Confirm with . or Enter, or press ? or * to list all spells.
The cyclops throws a large rock.
The large rock hits your manticore!
Casting: Summon Cactus Giant (dangerous; 1% risk of failure)
Confirm with . or Enter, or press ? or * to list all spells.
You don't have enough magic to cast this spell.
The floating eye's view fixates on you.
Your manticore bites the tengu reaver!
Your manticore completely misses the tengu reaver.
Your manticore closely misses the tengu reaver.
Casting: Summon Cactus Giant (dangerous; 1% risk of failure)
Confirm with . or Enter, or press ? or * to list all spells.
An electric hum fills the air.
The floating eye gazes piercingly through you!
You suddenly lose the ability to move!
You radiate an aura of cold.
The tengu reaver resists.
The cyclops seems to slow down.
Your lightning spire is unaffected.
Your manticore seems to slow down.
Your cactus giant resists.
The vault guard resists.
The floating eye seems to slow down.
The tengu reaver hits you with a +1 vorpal great sword!!
The tengu reaver pecks you but does no damage.
The tengu reaver claws you but does no damage.
Your manticore barely misses the tengu reaver.
Your manticore claws the tengu reaver! x2
The tengu reaver hits you with a +1 vorpal great sword!!
The tengu reaver pecks you.
The tengu reaver claws you but does no damage.
Your cactus giant hits the cyclops with a +0 giant spiked club!
The tengu reaver hits you with a +1 vorpal great sword!!
* * * LOW HITPOINT WARNING * * *
x2 The tengu reaver pecks you.
* * * LOW HITPOINT WARNING * * *
The tengu reaver claws you but does no damage.
The vault guard hits you with a +0 long sword.
You die...

###### ##.(.$ #### #....
##(.## ...
##(...######'###+####
#......##...........#
#...##+#.............#+
##..#.......##..8#.....
##.(.......C.Q@p......
###......##CH.#......
###...................
##.....#..##...#......#
##.....#................
...)...........#........
.≈≈≈....................
.≈≈≈.#.......#+#+#.....
.≈≈.........##


You could see a tengu reaver (ally target), a vault guard, a cyclops (slow, ally
target), a friendly manticore (summoned, slow), a friendly cactus giant
(summoned) and a friendly lightning spire (summoned).

Vanquished Creatures
  Snorg (Lair:3)
  The ghost of Etunu the Severer, a journeyman GrFi of the Shining One (Lair:6)
  A fire dragon (Lair:6)
  A vault guard (D:15)
  7 hydras
  A death knight (D:11)
  A catoblepas (Lair:3)
  A two-headed ogre (D:6)
  An orb spider (Lair:2)
  Pikel (D:5)
  2 bog bodies (Lair:4)
  2 lindwurms
  A phantasmal warrior (D:11)
  A deep elf pyromancer (D:15)
  2 ugly things (D:12)
  2 cyclopes
  6 black mambas
  11 elephants
  2 ice statues (IceCv)
  8 cane toads
  6 torpor snails
  3 unseen horrors (D:12)
  A kobold demonologist (D:7)
  A freezing wraith (D:11)
  A tengu conjurer (D:13)
  4 ice devils (IceCv)
  6 komodo dragons
  3 anaconda simulacra (IceCv)
  3 tyrant leeches (Lair:6)
  A meliai (Lair:4)
  3 trolls
  4 polar bears
  11 blink frogs
  4 hornets
  Prince Ribbit (Lair:3)
  3 dream sheep
  A meliai zombie (D:11)
  4 dire elephant simulacra (IceCv)
  A wyvern (D:9)
  A shadow (D:12)
  22 yaks
  A basilisk (Lair:3)
  2 steam dragons
  A warg (D:9)
  3 acid dragons
  3 harpy simulacra (IceCv)
  16 water moccasins
  3 nameless horrors
  2 swamp drakes (Lair:6)
  A hornet zombie (D:7)
  5 orc warriors
  2 black bears
  2 ice beasts
  2 ogres
  A sky beast (D:8)
  3 necrophages
  22 wolves
  8 centaurs
  A lemure (D:5)
  A kobold brigand (D:8)
  12 bullfrogs
  2 gnoll sergeants
  2 scorpions (D:10)
  A water moccasin zombie (D:6)
  A cane toad simulacrum (IceCv)
  A wyvern zombie (D:8)
  10 killer bees
  2 wights (D:10)
  4 howler monkeys
  3 hounds (D:5)
  5 centaur zombies
  2 bullfrog skeletons (D:5)
  9 orc priests
  2 jellies (D:6)
  A centaur skeleton (D:5)
  Terence (D:2)
  3 iguanas
  12 orc wizards
  2 hell rats (Lair:5)
  A spriggan simulacrum (IceCv)
  Natasha (D:2)
  A statue (D:10)
  Robin (D:2)
  10 adders
  10 gnolls
  2 howler monkey skeletons
  A naga simulacrum (IceCv)
  A river rat (D:3)
  A shadow imp (D:5)
  2 ufetubi
  An adder skeleton (D:4)
  4 worms
  2 dart slugs
  36 orcs
  11 endoplasms
  14 giant cockroaches
  13 goblins
  4 hobgoblins
  6 quokkas
  9 ball pythons
  4 bats
  4 frilled lizards
  7 kobolds
  4 rats
441 creatures vanquished.

Vanquished Creatures (collateral kills)
  A reaper (IceCv)
  A fire dragon (Lair:6)
  A boulder beetle (D:15)
  2 hydras (Lair:5)
  2 two-headed ogres (D:10)
  A tengu warrior (D:13)
  Sonja (D:11)
  A swamp dragon (Lair:6)
  A lindwurm (Lair:6)
  A phantasmal warrior (D:11)
  3 elephants
  A centaur zombie (D:11)
  A black mamba (Lair:4)
  2 torpor snails (Lair:6)
  A gargoyle (D:13)
  4 cane toads
  2 komodo dragons
  2 ice devils (IceCv)
  A freezing wraith (IceCv)
  A rime drake (Lair:6)
  A troll (D:11)
  A queen bee (Lair:4)
  2 meliai (Lair:4)
  2 nameless horrors (Lair:4)
  4 hornets (Lair:6)
  A blink frog (Lair:5)
  A slime creature (D:13)
  2 dream sheep (Lair:3)
  A vampire (D:12)
  A wyvern (Lair:1)
  A basilisk (Lair:6)
  12 yaks
  2 water moccasins
  A floating eye (D:15)
  A swamp drake (Lair:6)
  An orc warrior (D:10)
  A wolf (Lair:3)
  7 killer bees (Lair:4)
  A wight (D:10)
  An elephant simulacrum (IceCv)
  An electric eel (Lair:3)
  2 hounds (D:5)
  An orc priest (D:10)
  Natasha (twice) (D:2)
  An orc wizard (D:5)
  8 hell rats
  A shadow imp (D:6)
  An orc (D:5)
  A ball python (Sewer)
  2 giant cockroaches (Sewer)
  3 goblins (D:2)
  A hobgoblin (D:1)
  A quokka (Sewer)
  A frilled lizard (Sewer)
100 creatures vanquished.

Vanquished Creatures (others)
  An orc warrior (D:10)
  28 fungi
  53 plants
82 creatures vanquished.

Grand Total: 623 creatures vanquished

Notes
Turn   | Place    | Note
-------+----------+-------------------------------------------
     0 | D:1      | Scuddy the Demonspawn Hedge Wizard began the quest for the
                  | Orb.
     0 | D:1      | Reached XP level 1. HP: 13/13 MP: 4/4
     2 | D:1      | Learned a level 1 spell: Slow
   279 | D:1      | Gained mutation: You have a pair of small horns on your
                  | head. [demonic ancestry]
   279 | D:1      | Reached XP level 2. HP: 14/19 MP: 6/6
   282 | D:1      | Learned a level 2 spell: Call Imp
   523 | D:1      | Learned a level 2 spell: Blink
   729 | D:1      | Found a faded altar of an unknown god.
   742 | D:1      | Reached skill level 2 in Summonings
  1446 | D:2      | Noticed Robin
  1447 | D:2      | Gained mutation: You are partially covered in razor-sharp
                  | scales. (AC +1, Slay +1) [demonic ancestry]
  1447 | D:2      | Reached XP level 3. HP: 25/25 MP: 1/7
  1452 | D:2      | Reached skill level 3 in Summonings
  1709 | D:2      | Noticed Natasha
  1722 | D:2      | Killed Natasha
  1723 | D:2      | Reached XP level 4. HP: 11/31 MP: 0/8
  1800 | D:2      | Noticed Natasha
  1813 | D:2      | Killed Natasha
  1814 | D:2      | Reached skill level 4 in Summonings
  2113 | D:2      | Noticed Terence
  2117 | D:2      | Noticed Natasha
  2120 | D:2      | Killed Robin
  2125 | D:2      | Killed Terence
  2126 | D:2      | Gained mutation: A meltable shield of frost defends you.
                  | (SH +0) [demonic ancestry]
  2126 | D:2      | Reached XP level 5. HP: 14/36 MP: 5/9
  2126 | D:2      | Killed Natasha
  2141 | D:2      | Reached skill level 5 in Summonings
  2825 | D:3      | Found a glowing drain.
  2834 | D:3      | Reached skill level 1 in Short Blades
  2844 | Sewer    | Entered a sewer
  2979 | Sewer    | Reached skill level 1 in Hexes
  3183 | Sewer    | Gained mutation: You are mostly covered in razor-sharp
                  | scales. (AC +2, Slay +2) [demonic ancestry]
  3183 | Sewer    | Reached XP level 6. HP: 37/42 MP: 7/10
  3289 | Sewer    | Identified the +6 tower shield of Amelioration {rF- rCorr
                  | Dex+6 SInv}
  3698 | D:3      | Reached skill level 1 in Translocations
  4310 | D:4      | Found a staircase to the Ecumenical Temple.
  4359 | Temple   | Entered the Ecumenical Temple
  4536 | Temple   | Became a worshipper of Sif Muna the Loreminder
  4580 | D:4      | Found Ynaluf's Antique Armour Shoppe.
  4904 | D:5      | Entered Level 5 of the Dungeon
  5180 | D:5      | Noticed an orc warrior
  5214 | D:5      | Killed an orc warrior
  5215 | D:5      | Gained mutation: A meltable icy envelope protects you from
                  | harm. (AC +0) [demonic ancestry]
  5215 | D:5      | Reached XP level 7. HP: 47/47 MP: 6/11
  5308 | D:5      | Found the +1 Delatra's gloves {ID++}
  5868 | D:5      | Reached * piety under Sif Muna
  6040 | D:5      | Reached skill level 5 in Short Blades
  6073 | D:5      | Noticed Pikel
  6131 | D:5      | Killed Pikel
  6132 | D:5      | Reached skill level 6 in Summonings
  6132 | D:5      | Gained mutation: You are completely covered in razor-sharp
                  | scales. (AC +3, Slay +3) [demonic ancestry]
  6132 | D:5      | Reached XP level 8. HP: 40/53 MP: 5/12
  6764 | D:6      | Found Mona's Merry Market.
  6800 | D:6      | Gained mutation: You regenerate magic rapidly. [demonic
                  | ancestry]
  6800 | D:6      | Reached XP level 9. HP: 57/58 MP: 10/13
  6866 | D:6      | Noticed a two-headed ogre
  7147 | D:6      | Learned a level 2 spell: Ensorcelled Hibernation
  7174 | D:6      | Reached skill level 7 in Summonings
  7255 | D:6      | Killed a two-headed ogre
  7751 | D:7      | Found a broken altar of Ashenzari.
  7751 | D:7      | Noticed a kobold demonologist
  7757 | D:7      | Killed a kobold demonologist
  7758 | D:7      | Reached skill level 8 in Summonings
  7839 | D:7      | Reached ** piety under Sif Muna
  8553 | D:6      | Identified the +11 dire flail "Arcanum" {spect, Will+ Int+4
                  | SInv}
  8553 | D:6      | Noticed EyeSee2020's ghost (novice HOFi)
  8556 | D:6      | Found a transporter.
  8641 | D:6      | Found an iron altar of Okawaru.
  8750 | D:6      | Found a snail-covered altar of Cheibriados.
  9160 | D:8      | Gained mutation: You have a pair of horns on your head.
                  | [demonic ancestry]
  9160 | D:8      | Reached XP level 10. HP: 64/64 MP: 14/14
  9368 | D:8      | Reached skill level 10 in Short Blades
 10322 | D:9      | Found Angaux's Magic Scroll Emporium.
 10330 | D:9      | Bought a scroll of teleportation for 48 gold pieces
 10336 | D:9      | Bought 2 scrolls of identify for 64 gold pieces
 10413 | D:9      | Found a staircase to the Orcish Mines.
 10429 | D:9      | Reached skill level 9 in Summonings
 10441 | D:9      | Learned a level 6 spell: Summon Cactus Giant
 10706 | D:9      | Identified the ring of Bodily Harmony {rC+ MP+9}
 10713 | D:9      | Reached *** piety under Sif Muna
 10808 | D:9      | Found an ornate altar of the Wu Jian Council.
 10967 | D:10     | Entered Level 10 of the Dungeon
 10967 | D:10     | Noticed an orange crystal statue
 10971 | D:10     | Noticed a two-headed ogre
 10986 | D:10     | Killed a two-headed ogre
 12039 | D:10     | Found a staircase to the Lair.
 12073 | D:10     | Noticed a two-headed ogre
 12086 | D:10     | Killed a two-headed ogre
 12087 | D:10     | Reached skill level 10 in Summonings
 12087 | D:10     | Reached XP level 11. HP: 56/69 MP: 15/15
 12223 | D:10     | Found a radiant altar of Vehumet.
 12522 | D:10     | Found Yegara's Dragon-Slaying Spoils.
 13187 | D:11     | Reached **** piety under Sif Muna
 13218 | D:11     | Noticed Sonja
 13218 | D:11     | Noticed a phantasmal warrior
 13238 | D:11     | Killed Sonja
 13239 | D:11     | Reached skill level 11 in Summonings
 13253 | D:11     | Killed a phantasmal warrior
 13302 | D:11     | Noticed a death knight
 13302 | D:11     | Noticed a phantasmal warrior
 13333 | D:12     | Noticed a six-headed hydra
 13525 | D:12     | Identified the +6 trident "Jutoschu" {antimagic, Stlth+}
 13810 | Lair:1   | Entered Level 1 of the Lair of Beasts
 13816 | Lair:1   | Reached skill level 5 in Dodging
 14227 | Lair:1   | Noticed a six-headed hydra
 14259 | Lair:1   | Killed a six-headed hydra
 14260 | Lair:1   | Reached skill level 12 in Summonings
 14586 | Lair:2   | Reached XP level 12. HP: 75/75 MP: 16/16
 15053 | Lair:2   | Found a hole to the Spider Nest.
 15228 | Lair:2   | Reached skill level 13 in Summonings
 15767 | Lair:3   | Noticed a six-headed hydra
 15778 | Lair:3   | Killed a six-headed hydra
 15900 | Lair:3   | Reached skill level 1 in Fighting
 15965 | Lair:3   | Noticed a catoblepas
 16017 | Lair:3   | Noticed Prince Ribbit
 16061 | Lair:3   | Reached ***** piety under Sif Muna
 16065 | Lair:3   | Killed Prince Ribbit
 16118 | Lair:3   | Noticed Snorg
 16131 | Lair:3   | Killed Snorg
 16169 | Lair:3   | Noticed a six-headed hydra
 16188 | Lair:3   | Noticed Urug
 16339 | Lair:3   | Learned a level 4 spell: Summon Ice Beast
 16534 | Lair:3   | Killed a six-headed hydra
 16535 | Lair:3   | Reached skill level 1 in Invocations
 16835 | Lair:3   | Killed a catoblepas
 16836 | Lair:3   | Reached XP level 13. HP: 87/87 MP: 17/17
 16956 | Lair:4   | Received a gift from Sif Muna
 17144 | Lair:4   | Got Sif Muna's Papyrus of Creation
 17259 | Lair:4   | Reached skill level 5 in Hexes
 17344 | Lair:4   | Reached skill level 14 in Summonings
 17780 | Lair:4   | Found a staircase to the Swamp.
 18160 | Lair:4   | Reached skill level 5 in Invocations
 18178 | Lair:4   | Reached skill level 5 in Fighting
 18673 | Lair:5   | Received a gift from Sif Muna
 18764 | Lair:5   | Got Sif Muna's Collected Works on Unstable Lightness {god
                  | gift}
 19387 | Lair:5   | Reached skill level 10 in Dodging
 19562 | Lair:6   | Entered Level 6 of the Lair of Beasts
 19592 | Lair:6   | Found a staircase to the Slime Pits.
 19593 | Lair:6   | Found a viscous altar of Jiyva.
 19615 | Lair:6   | Reached skill level 5 in Spellcasting
 19867 | Lair:6   | Reached XP level 14. HP: 89/95 MP: 21/21
 20343 | Lair:6   | Identified the +0 pair of gloves of Adeicroelu {SInv}
 20398 | Lair:6   | Received a gift from Sif Muna
 20679 | Lair:6   | Found a runed translucent door.
 20734 | Lair:6   | Learned a level 7 spell: Monstrous Menagerie
 20751 | Lair:6   | Found a runed translucent door.
 20801 | Lair:6   | Reached skill level 15 in Summonings
 21238 | Lair:6   | Noticed Etunu's ghost (journeyman GrFi)
 21287 | Lair:6   | Killed Etunu's ghost
 21408 | Lair:6   | Gained mutation: You sometimes lose the ability to read
                  | scrolls when taking damage. [potion of mutation]
 21408 | Lair:6   | Gained mutation: You are clumsy. (Dex -2) [potion of
                  | mutation]
 21409 | Lair:6   | Lost mutation: You sometimes lose the ability to read
                  | scrolls when taking damage. [potion of mutation]
 21409 | Lair:6   | Lost mutation: You are clumsy. (Dex -2) [potion of
                  | mutation]
 21409 | Lair:6   | Gained mutation: You are weak. (Str -2) [potion of
                  | mutation]
 21409 | Lair:6   | Gained mutation: You are strong-willed. (Will+) [potion of
                  | mutation]
 22404 | D:13     | Noticed Azrael
 22431 | D:13     | Found a frozen archway.
 22440 | IceCv    | Entered an ice cave
 22490 | IceCv    | Reached skill level 10 in Invocations
 22927 | IceCv    | Found the +4 skin of Zhor {*Englaciate rC+++ SInv}
 22927 | IceCv    | Noticed a reaper
 22943 | IceCv    | Killed a reaper
 23169 | D:13     | You fall into a shaft and drop 2 floors!
 23169 | D:15     | Entered Level 15 of the Dungeon
 23171 | D:15     | Paralysed by a floating eye for 3 turns
 23178 | D:15     | Paralysed by a floating eye for 4 turns
 23260 | D:15     | Noticed a tengu reaver
 23364 | D:15     | Learned a level 4 spell: Summon Lightning Spire
 23425 | D:15     | Paralysed by a floating eye for 4 turns
 23428 | D:15     | HP: 3/98 [tengu reaver/+1 vorpal great sword (5)]
 23428 | D:15     | HP: 1/98 [tengu reaver/+1 vorpal great sword (2)]
 23428 | D:15     | Slain by a vault guard

Illustrated notes

Levels and vault maps discovered:
D:1:      scummos_arrival_simple_crosswalls, layout_loops_ring,
          hellmonk_ecumenical_altar_zigzags, minmay_pentomino_w2
D:2:      layout_rooms, uniq_terence, uniq_natasha, uniq_robin
D:3:      layout_loops_cross, gup_sewer_entry_bubbles
D:4:      layout_basic, minmay_temple_entry_mini_moons, serial_shops, shop,
          hex_tiny
D:5:      layout_loops_ring, nrook_mini_vaults, ebering_dispersal_statue_hall,
          pf_guarded_unrand_delatra, uniq_pikel
D:6:      layout_loops_ring, mainiacjoe_overflow_alcove_2,
          gammafunk_temple_overflow_wave, gammafunk_ghost_smash,
          nicolae_alphabet_shops, st_stairs_2, minmay_strange_pillars,
          minmay_chambers_of_fives
D:7:      layout_gridville, ashenzari_conservatory_becter
D:8:      layout_loops_cross, grunt_ministairs_2
D:9:      layout_stronghold, pdpol_wu_jian_five_deadly_venoms,
          david_orc_1_choice, serial_shops, shop
D:10:     layout_cave_pools, vehumet_statue, grunt_lair_entry_orc_guard_hut,
          nicolae_shop_dragon_depot, minmay_statue_bubble
D:11:     layout_loops_corners, uniq_sonja
D:12:     layout_roguey
D:13:     layout_rooms, erik_vaults_1, portal_ice_cave_entry_pillars_2,
          chequers_hall_statues_y, uniq_azrael
D:15:     hangedman_spin_cycle
Temple:   compressed_dpeg_circular_temple
Lair:1:   layout_big_grid, cheibrodos_lair_lostbears, grunt_megastairs_1
Lair:2:   layout_regular_city, nicolae_spider_entry_orb_guardian
Lair:3:   layout_hall_layers, lemuel_fruit_fields, grunt_megastairs_4,
          serial_bayou_shore_a, infiniplex_staircase_pool_2, uniq_snorg,
          uniq_urug, uniq_prince_ribbit2
Lair:4:   layout_long_grid, skrybe_swamp_entry_bodies, special_room
          [special_room_bee], beast_lair_carwin_11
Lair:5:   layout_cave_pods
Lair:6:   wormcave, layout_layer_cave, guppyfry_lair_end_dragon, slime_altar_1,
          ebering_ghost_reflecting_pool

Skill      XL: |  1  2  3  4  5  6  7  8  9 10 11 12 13 14 |
---------------+-------------------------------------------+-----
Summonings     | 2 3 4 5 6 8 10 12 13 14 15 | 15.9
Short Blades   | 2 3 6 7 9 12 | 12.0
Hexes          | 2 3 4 5 |  5.0
Translocations | 1 3 |  3.0
Dodging        | 6 8 10 | 10.0
Fighting       | 3 5 |  5.0
Invocations    | 2 7 10 | 10.0
Spellcasting   | 5 8 |  8.1
Stealth        | |  1.7
Conjurations   | |  1.0

Action                   |  1- 3 |  4- 6 |  7- 9 | 10-12 | 13-15 || total
-------------------------+-------+-------+-------+-------+-------++-------
Melee: Dagger            |    66 |    11 |       |       |       ||    77
       Headbutt          |     7 |    18 |    72 |   186 |   338 ||   621
       Punch             |     1 |     2 |     2 |    13 |    24 ||    42
       Short sword       |       |   177 |   315 |   828 |  1138 ||  2458
 Cast: Magic Dart        |    22 |     9 |     1 |     2 |       ||    34
       Call Imp          |     8 |    13 |    43 |    78 |    19 ||   161
       Slow              |       |     2 |     9 |     7 |     4 ||    22
       Summon Cactus Gia |       |       |       |    15 |    78 ||    93
       Blink             |       |       |       |     3 |     1 ||     4
       Summon Ice Beast  |       |       |       |     4 |    40 ||    44
       Ensorcelled Hiber |       |       |       |       |     2 ||     2
       Summon Lightning  |       |       |       |       |     3 ||     3
       Monstrous Menager |       |       |       |       |     1 ||     1
Invok: Forget Spell      |       |       |       |     1 |       ||     1
       Channel Magic     |       |       |       |       |     3 ||     3
Evoke: Wand              |       |       |       |     3 |       ||     3
  Use: Scroll            |       |     7 |     8 |    12 |    10 ||    37
       Potion            |       |       |     2 |     2 |     6 ||    10
 Stab: Sleeping          |     2 |     2 |     3 |     1 |     3 ||    11
       Distracted        |       |     1 |     3 |     2 |     4 ||    10
Armor: Robe              |    26 |    16 |    55 |    33 |       ||   130
       Leather armour    |       |       |       |    20 |       ||    20
       Troll leather arm |       |       |       |   104 |   167 ||   271
       Skin              |       |       |       |       |    19 ||    19
       Animal skin       |       |       |       |       |    23 ||    23
Dodge: Dodged            |    57 |    86 |   125 |   300 |   398 ||   966
Block: Other             |       |    16 |    23 |    59 |    89 ||   187
